 Dungeon Crawl Stone Soup version 0.28-a0-1555-g9ae15a6949 (webtiles) character file.

Game seed: 12680668943569740920

443 HallandMoats the Chopper (level 7, -3/60 HPs)
             Began as a Ghoul Monk on Jan 18, 2022.
             Was a Believer of Okawaru.
             Slain by Duvessa (5 damage)
             ... on level 5 of the Dungeon on Jan 19, 2022.
             The game lasted 00:06:25 (3939 turns).

HallandMoats the Chopper (Ghoul Monk)               Turns: 3939, Time: 00:06:26

Health: -3/60      AC:  6    Str: 17    XL:     7   Next: 2%
Magic:  5/6        EV: 11    Int:  5    God:    Okawaru [**....]
Gold:   156        SH:  0    Dex: 11    Spells: 6/6 levels left

rFire   . . .      SeeInvis .   a - +0 hand axe
rCold   + . .      Faith    .   (no shield)
rNeg    + + +      Spirit   .   b - +0 ring mail
rPois   ∞          Reflect  .   (no helmet)
rElec   .          Harm     .   k - +0 cloak
rCorr   .          Rampage  .   (no gloves)
Will    .....                   (no boots)
Stlth   +.........              (no amulet)
HPRegen 0.00/turn               (no ring)
MPRegen 0.10/turn               (no ring)

@: lit by a corona, inhibited regen, glowing
A: claws 1, cold resistance 1, negative energy resistance 3, inhibited
regeneration, torment resistance 2
a: Renounce Religion, Heroism


You were on level 5 of the Dungeon.
You worshipped Okawaru.
Okawaru was pleased with you.
You visited 2 branches of the dungeon, and saw 6 of its levels.

You collected 156 gold pieces.

Inventory:

Hand Weapons
 a - a +0 hand axe (weapon)
 e - a +1 whip of flaming
Armour
 b - a +0 ring mail (worn)
 k - a +0 cloak (worn)
Scrolls
 i - 2 scrolls of identify
Potions
 d - a potion of berserk rage {unknown}


   Skills:
 + Level 4.5 Fighting
 * Level 4.8 Axes
 + Level 2.4 Armour
 + Level 3.9 Dodging
 - Level 2.1 Stealth
 * Level 1.3 Invocations


You had 6 spell levels left.
You didn't know any spells.
Your spell library contained the following spells:

 Spells                   Type           Power      Damage    Failure   Level
 Sting                    Tmut/Pois      0%         1d3       67%         1
 Poisonous Vapours        Pois/Air       0%         N/A       82%         2
 Olgreb's Toxic Radiance  Pois           0%         N/A       100%        4


Dungeon Overview and Level Annotations

Branches:
Dungeon (5/15)             Temple (1/1) D:4

Altars:
Ashenzari
Dithmenos
Elyvilon
Fedhas
Gozag
Hepliaklqana
Kikubaaqudgha
Makhleb
Nemelex Xobeh
Okawaru
Qazlal
Ru
Sif Muna
Trog
Uskayaw
Vehumet
Wu Jian
Xom
Yredelemnul
Zin
The Shining One

Shops:
D:4 (

Annotations:
D:5 Dowan, Duvessa


Innate Abilities, Weirdness & Mutations

You thrive by killing the living.
You are immune to poison.
You have sharp fingernails.
Your flesh is cold resistant. (rC+)
You are immune to negative energy. (rN+++)
You do not regenerate when monsters are visible.
You are immune to unholy pain and torment.


Message History

You hit Duvessa but do no damage. Duvessa hits you but does no damage.
Dowan gestures at you while chanting.
You are outlined in light.
You hit Duvessa.
Duvessa is lightly wounded.
Duvessa barely misses you.
Unknown command.
You closely miss Duvessa.
Duvessa is lightly wounded.
Duvessa hits you but does no damage.
You hit Duvessa but do no damage.
Duvessa is lightly wounded.
Duvessa zaps a wand.
The puff of flame hits you but does no damage.
Dowan gestures wildly while chanting.
Dowan blinks!
You hit Duvessa but do no damage. You claw Duvessa, but do no damage.
Duvessa is lightly wounded.
Duvessa misses you. Dowan gestures at you while chanting.
The puff of flame hits you!
* * * LOW HITPOINT WARNING * * *
You hit Duvessa but do no damage.
Duvessa is lightly wounded.
Duvessa hits you but does no damage. Duvessa hits you with a +0 short sword.
* * * LOW HITPOINT WARNING * * *
You hit Duvessa but do no damage.
Duvessa is lightly wounded.
You feel like a meek peon again.
Duvessa zaps a wand.
The puff of flame hits you!
* * * LOW HITPOINT WARNING * * *
You hit Duvessa but do no damage.
Duvessa is lightly wounded.
Duvessa hits you with a +0 short sword.
* * * LOW HITPOINT WARNING * * *
Okay, then.
Your +1 whip of flaming stops flaming.
a - a +0 hand axe (weapon)
Duvessa hits you with a +0 short sword.
You die...

#..........#
#..........#
#..e........
#...........
############e..........
#...#..................
###......e......./.....
##..e######..........
##..@# ###.......#
#...### ###.....#
##.e...### ##.###
#........### ##
##..........##
#............##
#.............##
#...............#
#...............#


You could see Duvessa (fast) and Dowan (empowered).

Vanquished Creatures
  A hornet zombie (D:5)
  A necrophage (D:4)
  A hound (D:4)
  2 orc priests (D:4)
  A jelly (D:5)
  A bullfrog skeleton (D:4)
  An orc wizard (D:4)
  2 adders
  A dart slug (D:3)
  4 orcs
  4 bats
  10 endoplasms
  3 giant cockroaches
  7 goblins
  8 hobgoblins
  3 jackals (D:3)
  4 kobolds
  3 quokkas
  3 ball pythons
  3 frilled lizards
  5 rats
68 creatures vanquished.

Notes
Turn   | Place    | Note
-------+----------+-------------------------------------------
     0 | D:1      | HallandMoats the Ghoul Monk began the quest for the Orb.
     0 | D:1      | Reached XP level 1. HP: 19/19 MP: 0/0
   103 | D:1      | Reached XP level 2. HP: 26/26 MP: 1/1
   781 | D:1      | Reached XP level 3. HP: 31/31 MP: 2/2
  1022 | D:2      | You fall into a shaft and drop 1 floor!
  1083 | D:3      | Reached skill level 1 in Armour
  1427 | D:3      | Reached XP level 4. HP: 40/40 MP: 3/3
  2131 | D:4      | Noticed a kobold brigand
  2211 | D:4      | Noticed a necrophage
  2229 | D:4      | Killed a necrophage
  2230 | D:4      | Reached XP level 5. HP: 33/46 MP: 4/4
  2341 | D:4      | Found Pealyh's Antique Weapon Shoppe.
  2599 | D:4      | Reached XP level 6. HP: 16/52 MP: 5/5
  3197 | D:4      | Found a staircase to the Ecumenical Temple.
  3244 | Temple   | Entered the Ecumenical Temple
  3330 | Temple   | Became a worshipper of Warmaster Okawaru
  3330 | Temple   | Reached * piety under Okawaru
  3330 | Temple   | Reached ** piety under Okawaru
  3423 | D:4      | Identified the +12 hunting sling "Hoddymaw" {freeze, Str+2}
  3494 | D:5      | Entered Level 5 of the Dungeon
  3567 | D:5      | Reached skill level 1 in Invocations
  3908 | D:5      | Noticed Dowan
  3909 | D:5      | Noticed Duvessa
  3913 | D:5      | Reached XP level 7. HP: 50/60 MP: 6/6
  3938 | D:5      | HP: 2/60 [Duvessa (2)]
  3939 | D:5      | Slain by Duvessa

Illustrated notes

Levels and vault maps discovered:
D:1:      giann_forest_graveyard, layout_basic
D:2:      layout_rooms, kennysheep_generic_room_12, uniq_natasha
D:3:      layout_basic, minmay_starry_boxes
D:4:      layout_rooms, temple_fountains, serial_shops, shop_fountains,
          dk_noncrumbling_3, minmay_hedge_maze
D:5:      layout_cave_pods, roderic_batcave, nicolae_wormholes, uniq_duvessa
Temple:   dpeg_three_leaves_temple

Skill      XL: |  1  2  3  4  5  6 |
---------------+-------------------+-----
Axes           | 3 4 |  4.8
Dodging        | 3 |  3.9
Armour         | 1 2 |  2.4
Fighting       | 4 |  4.5
Invocations    | 1 |  1.3
Stealth        | |  2.1

Action                   |  1- 3 |  4- 6 |  7- 9 || total
-------------------------+-------+-------+-------++-------
Melee: Hand axe          |    48 |       |       ||    48
       Whip              |    64 |   161 |    14 ||   239
       Punch             |     1 |     4 |     1 ||     6
Invok: Heroism           |       |     1 |     1 ||     2
  Use: Potion            |       |     5 |     1 ||     6
       Scroll            |       |     3 |       ||     3
 Stab: Sleeping          |    11 |     1 |       ||    12
Armor: Robe              |    15 |       |       ||    15
       Leather armour    |     6 |     2 |       ||     8
       Ring mail         |       |    30 |     5 ||    35
Dodge: Dodged            |    68 |    92 |     5 ||   165

Table legend: (Time is in decaauts)
 A = Elapsed time spent in this place.
 B = Non-inter-level travel time spent in this place.
 C = Inter-level travel time spent in this place.
 D = Time resting spent in this place.
 E = Time spent auto-exploring this place.
 F = Levels seen in this place.
 G = Mean time per level.
                   A        B        C        D        E       F      G
               +--------+--------+--------+--------+--------+-----+--------+
         Total |   3942 |   3817 |    125 |    572 |   2431 |   6 |  657.0 |
       Dungeon |   3844 |   3719 |    125 |    572 |   2376 |   5 |  768.8 |
        Temple |     98 |     98 |      0 |      0 |     55 |   1 |   98.0 |
               +--------+--------+--------+--------+--------+-----+--------+

Top non-repeatable levels by time:
     D:3: 1506 daAuts
     D:1: 1028 daAuts
     D:4: 870 daAuts
     D:5: 437 daAuts
  Temple: 98 daAuts
     D:2: 0 daAuts
